 Dungeon Crawl Stone Soup version 0.19-a0-822-g530da24 (webtiles) character file.

609 TheGoonsmith the Geomancer (level 7, -1/36 HPs)
             Began as a Gargoyle Earth Elementalist on June 29, 2016.
             Slain by a giant gecko (2 damage)
             ... in a sewer.
             The game lasted 00:09:33 (4770 turns).

TheGoonsmith the Geomancer (GrEE)                   Turns: 4770, Time: 00:09:34

Health: -1/36      AC:  9    Str: 12    XL:     7   Next: 43%
Magic:  0/13       EV: 17    Int: 17    God:
Gold:   130        SH:  0    Dex: 15    Spells: 3 memorised, 5 levels left

rFire  . . .     SeeInvis .     a - +0 whip (elec)
rCold  . . .     Gourm    .     c - +0 robe
rNeg   + + .     Faith    .     (no shield)
rPois  ∞         Spirit   .     g - +1 helmet
rElec  +         Dismiss  .     m - +0 cloak {rPois}
rCorr  .         Reflect  .     (no gloves)
SustAt .         Harm     .     (no boots)
MR     .....                    (no amulet)
Stlth  ++++......               z - ring of positive energy
                                y - ring of stealth

@: agile, drained, not resistant to hostile enchantments, stealthy
A: negative energy resistance 1, electricity resistance, unbreathing,
petrification resistance, rot immunity, AC +4
a: no special abilities


You were in a sewer.
You were not hungry.

You visited 1 branch of the dungeon, and saw 4 of its levels.
You also visited: Sewer.

You collected 130 gold pieces.

Inventory:

Hand Weapons
 a - a +0 whip of electrocution (weapon)
 l - a +0 dagger
 o - a +0 mace of draining
Missiles
 b - 93 stones (quivered)
Armour
 c - a +0 robe (worn)
 f - the +1 robe of Xuynnikk {MR+ Slay+3, unknown}
   (You found it on level 4 of the Dungeon)

   It affects your accuracy and damage with ranged weapons and melee attacks
   (+3).
   It affects your resistance to hostile enchantments.
 g - a +1 helmet (worn)
 m - a +0 cloak of poison resistance (worn)
 p - a +1 hat
Jewellery
 t - an uncursed amulet of harm
 y - a ring of stealth (left hand)
 z - a ring of positive energy (right hand)
Wands
 x - a wand of confusion (16/48)
Scrolls
 u - 2 scrolls of remove curse
Potions
 i - a potion of cure mutation
 q - 4 potions of flight
Books
 e - a book of Geomancy

   Spells                             Type                      Level
   a - Sandblast                      Earth                        1
   b - Passwall                       Transmutation/Earth          2
   c - Stone Arrow                    Conjuration/Earth            3
   d - Petrify                        Transmutation/Earth          4
   e - Lee's Rapid Deconstruction     Earth                        5
Comestibles
 d - 3 bread rations
 h - 2 chunks of flesh
 r - a slice of pizza


   Skills:
 - Level 1.5(1.3) Dodging
 - Level 2.1(2.0) Stealth
 + Level 4.4(4.2) Spellcasting
   Level 0.7(0.5) Transmutations
 * Level 8.5(8.3) Earth Magic


You had 5 spell levels left.
You knew the following spells:

 Your Spells              Type           Power        Failure   Level  Hunger
a - Sandblast             Erth           ####..       1%          1    None
x - Stone Arrow           Conj/Erth      ###...       10%         3    ###....
z - Lee's Rapid Deconstr  Erth           ####......   17%         5    ######.


Dungeon Overview and Level Annotations

Branches:
Dungeon (4/15)
 Temple: D:4-7

Altars:
Hepliaklqana
Ru
Zin


Innate Abilities, Weirdness & Mutations

You are resistant to torment.
Your stone body is resilient. (AC +4)
You are immune to poison.
You resist negative energy. (rN+)
You are resistant to electric shocks. (rElec)
You can survive without breathing.
You are immune to petrification.
You are immune to rotting.


Message History

Aim: a giant cockroach (clinging)
The blast of sand hits the giant cockroach.
You kill the giant cockroach!
The giant frog closely misses you. The giant frog hits you.
* * * LOW HITPOINT WARNING * * *
Okay, then.
The giant gecko barely misses you.
Okay, then.
You hit the giant frog.
The giant frog is lightly wounded.
The giant frog barely misses you. The giant frog closely misses you.
Casting: Sandblast
Confirm with . or Enter, or press ? or * to list all spells.
Aiming: Sandblast
Press: ? - help, Shift-Dir - straight line, f - giant frog
Aim: a giant frog (lightly wounded)
The blast of sand misses the giant frog.
The giant frog hits you but does no damage.
The giant gecko bites you.
You die...

##.##≈.#≈≈.## ##.≈≈#.≈#
#.†#≈≈.#.≈## ##.≈#.≈≈
#≈.#.###.≈# #..##≈.
#≈.#≈#≈≈≈## ##≈≈#..
#.≈#≈#∩≈≈# #≈.#≈≈
#≈≈#≈#..≈# #.≈#≈≈
#≈.#≈##≈≈# #†.#≈≈
#≈≈#≈≈#≈≈# #.≈#≈.
#.≈#≈≈#l@# #.≈#≈.
#≈.≈≈≈#Fl# ##.≈#††
#≈≈≈≈≈#.≈J≈.≈≈.. #≈≈##≈≈
#..≈≈≈###≈≈≈l≈≈≈ ##≈≈#≈≈.
#######≈###.≈≈≈≈##≈≈.#.≈#
#.≈.≈≈#######≈†≈##.≈#
#≈≈.†≈≈≈..≈≈≈≈≈≈#≈≈≈#
##.≈##≈≈≈≈≈.≈≈≈##≈≈##
##≈≈##≈≈≈≈≈.≈##÷††#


You could see a giant frog, an ooze and 2 giant geckos.

Vanquished Creatures
  A giant frog (Sewer)
  Crazy Yiuf (D:2)
  An orc wizard (D:2)
  Ijyb (D:2)
  Terence (D:2)
  A worker ant (D:4)
  4 gnolls (D:3)
  12 adders
  A river rat (D:4)
  13 oozes
  An adder skeleton (D:4)
  6 worms
  3 dart slugs
  17 giant geckos
  7 orcs
  15 ball pythons (Sewer)
  13 bats
  15 giant cockroaches
  9 goblins
  4 hobgoblins
  7 jackals
  9 kobolds
  A quokka (D:3)
  9 giant newts
  12 rats
164 creatures vanquished.

Notes
Turn   | Place    | Note
--------------------------------------------------------------
     0 | D:1      | TheGoonsmith the Gargoyle Earth Elementalist began the quest for the Orb.
     0 | D:1      | Reached XP level 1. HP: 10/10 MP: 3/3
   173 | D:1      | Reached skill level 4 in Earth Magic
   280 | D:1      | Reached XP level 2. HP: 14/15 MP: 3/5
   833 | D:2      | Noticed Ijyb
   835 | D:2      | Reached XP level 3. HP: 19/19 MP: 4/6
   878 | D:2      | Killed Ijyb
   878 | D:2      | Reached skill level 5 in Earth Magic
  1079 | D:2      | Reached XP level 4. HP: 24/24 MP: 4/7
  1162 | D:2      | Found a faded altar of an unknown god.
  1198 | D:2      | Found a runed door.
  1306 | D:2      | Found a hazy altar of Hepliaklqana.
  1672 | D:2      | Noticed Terence
  1677 | D:2      | Killed Terence
  1677 | D:2      | Reached XP level 5. HP: 25/28 MP: 4/9
  1721 | D:2      | Found a sacrificial altar of Ru.
  1730 | D:2      | Reached skill level 6 in Earth Magic
  1836 | D:2      | Learned a level 3 spell: Stone Arrow
  1842 | D:2      | Learned a level 5 spell: Lee's Rapid Deconstruction
  2153 | D:2      | Noticed Crazy Yiuf
  2158 | D:2      | Killed Crazy Yiuf
  2689 | D:3      | Reached XP level 6. HP: 32/32 MP: 4/11
  2829 | D:3      | Reached skill level 7 in Earth Magic
  3355 | D:4      | Got a sheer robe
  3374 | D:4      | Found a glowing silver altar of Zin.
  3589 | D:4      | Found a glowing drain.
  3631 | Sewer    | Entered a sewer
  4263 | Sewer    | Reached XP level 7. HP: 32/36 MP: 6/13
  4504 | Sewer    | Reached skill level 8 in Earth Magic
  4767 | Sewer    | HP: 1/36 [giant frog (6)]
  4770 | Sewer    | Slain by a giant gecko

Vault maps used:
D:1:      minmay_arrival_checkered_box, moated_statue, hex_tiny,
          kennysheep_boxes
D:2:      overflow_temple_1_default, ecumenical_altar_2, first_bread,
          nicolae_ru_great_annihilating_truth, uniq_iyjb, uniq_terence,
          uniq_crazy_yiuf_cottage
D:4:      zin_statuary, gup_sewer_entry_bowl
Sewer:    sewer_frog_island_02

Skill      XL: |  1  2  3  4  5  6  7 |
---------------+----------------------+-----
Earth Magic    | 4 5 6 7 8 |  8.5
Spellcasting   | 3 4 |  4.4
Dodging        | |  1.5
Stealth        | |  2.1
Transmutations | |  0.7

Action                   |  1- 3 |  4- 6 |  7- 9 || total
-------------------------+-------+-------+-------++-------
Melee: Dagger            |    60 |     9 |       ||    69
       Unarmed           |     2 |       |       ||     2
       Whip              |       |    62 |    34 ||    96
       Mace              |       |     2 |       ||     2
Throw: Stone             |    67 |   165 |    18 ||   250
 Cast: Sandblast         |    27 |   213 |    63 ||   303
  Use: Scroll            |       |     6 |       ||     6
       Potion            |       |       |     2 ||     2
  Eat: Chunk             |     1 |    11 |     2 ||    14
Armor: Robe              |    24 |    76 |    58 ||   158
Dodge: Dodged            |    39 |   134 |    93 ||   266
